 Dungeon Sprint DCSS version 0.23.2-1-ga50397a6bc (webtiles) character file.

Game seed: 15744292792972442672

21137 Jannitor the Champion of Chaos (level 12, -8/107 HPs)
             Began as a Demonspawn Fighter on May 1, 2019.
             Was the Champion of Makhleb.
             Mangled by a spriggan berserker
             ... wielding a +2 antimagic rapier
              (20 damage)
             ... in the Dungeon (Sprint V: "Ziggurat Sprint").
             The game lasted 00:10:09 (1278 turns).

Jannitor the Champion of Chaos (Demonspawn Fighter) Turns: 1278, Time: 00:10:09

Health: -8/107     AC: 41    Str: 21    XL:     12   Next: 51%
Magic:  0/23       EV: -1    Int: 15    God:    Makhleb [******]
Gold:   0          SH: 22    Dex: 12    Spells: 11/11 levels left

rFire    + + +     SeeInvis +   y - +5 broad axe
rCold    + + .     Gourm    .   v - +3 large shield
rNeg     . . .     Faith    .   x - +5 gold dragon scales
rPois    +         Spirit   +   M - +1 helmet {SInv}
rElec    +         Reflect  .   N - +0 cloak {MR+}
rCorr    .         Harm     .   (no gloves)
MR       +....     NoTele   +   (boots unavailable)
Stlth    ..........             (no amulet)
HPRegen  0.27/turn              S - ring "Fukilaoth" {rElec rF+ rC+ Stlth+}
MPRegen  0.18/turn              P - ring "Juaconk" {AC+4 Int+4}

@: lethally poisoned (-8 -> -11), grasped by roots, sanguine armour,
constricted, studying Dodging, invisible
A: hooves 3, fire resistance 1, magic shield, flame cloud immunity, sanguine
armour 2
a: Minor Destruction, Lesser Servant of Makhleb, Major Destruction, Greater
Servant of Makhleb, Renounce Religion


You were in the Dungeon.
You worshipped Makhleb.
Makhleb was exalted by your worship.
You were not hungry.

You visited 1 branch

Inventory:

Hand Weapons
 a - a +0 war axe
 b - the +8 hand axe of the Purse {antimagic, rF+++}
   (You found it in the Dungeon)

   It reduces the magical energy of the wielder, and disrupts the spells and
   magical abilities of those hit.
   Natural abilities and divine invocations are not affected.
   It renders you almost immune to fire.
 y - a +5 broad axe (weapon)
 J - the +6 shillelagh "Devastator" {shatter}
   (You found it in the Dungeon)
Armour
 v - a +3 large shield (worn)
 w - a +5 crystal plate armour
 x - +5 gold dragon scales (worn)
 M - a +1 helmet of see invisible (worn)
 N - a +0 cloak of magic resistance (worn)
Jewellery
 L - the ring "Qubruhid" {+Inv Int+5 Dex+3}
   (You found it in the Dungeon)

   [ring of intelligence]

   It affects your intelligence (+5).
   It affects your dexterity (+3).
   It lets you turn invisible.
 P - the ring "Juaconk" (right hand) {AC+4 Int+4}
   (You found it in the Dungeon)

   [ring of protection]

   It affects your AC (+4).
   It affects your intelligence (+4).
 Q - the ring of Amne Wae {Ice rElec}
   (You found it in the Dungeon)

   [ring of ice]

   It enhances your ice magic.
   It makes you vulnerable to fire.
   It protects you from cold.
   It insulates you from electricity.
 R - the ring "Tuthafo" {rElec Dex+4 Stlth+}
   (You found it in the Dungeon)

   [ring of stealth]

   It affects your dexterity (+4).
   It insulates you from electricity.
   It makes you more stealthy.
 S - the ring "Fukilaoth" (left hand) {rElec rF+ rC+ Stlth+}
   (You found it in the Dungeon)

   [ring of protection from cold]

   It protects you from fire.
   It protects you from cold.
   It insulates you from electricity.
   It makes you more stealthy.
 W - a +2 ring of dexterity
 Y - the ring of Afesm {rCorr rC++ Int-2 Dex+2}
   (You found it in the Dungeon)

   [ring of resist corrosion]

   It affects your intelligence (-2).
   It affects your dexterity (+2).
   It greatly protects you from cold.
Wands
 F - a wand of disintegration (7)
 G - a wand of iceblast (1)
 H - a wand of acid (3)
Scrolls
 k - 4 scrolls of blinking
 q - 4 scrolls of amnesia
 r - 7 scrolls of fog
 s - 5 scrolls of identify
 t - 5 scrolls of remove curse
 u - 2 scrolls of fear
 K - 4 scrolls of brand weapon
Potions
 d - 6 potions of might
 e - 10 potions of curing
 g - 3 potions of heal wounds
 h - 6 potions of haste
 i - 7 potions of magic
 l - 2 potions of brilliance
 n - 3 potions of resistance
 p - 5 potions of agility
Books
 X - a manual of Dodging
Miscellaneous
 o - a phial of floods
 I - a lightning rod (4/4)
 O - 2 phantom mirrors
 T - 2 sacks of spiders
 U - a box of beasts
 V - a fan of gales
Comestibles
 f - 8 rations
 j - 12 chunks of flesh


   Skills:
 + Level 14.0 Fighting
 + Level 12.9 Axes
 + Level 13.1 Armour
 + Level 13.1 Shields
 + Level 15.5 Invocations
 + Level 12.5 Evocations


You had 11 spell levels left.
You didn't know any spells.
Your spell library contained the following spells:

 Spells                   Type           Power        Failure   Level  Hunger
 Animate Skeleton         Necr           N/A          100%        1    ##.....
 Apportation              Tloc           #.....       100%        1    ##.....
 Pain                     Necr           #...         100%        1    ##.....
 Sting                    Conj/Pois      #...         100%        1    ##.....
 Summon Butterflies       Summ           #.......     100%        1    ##.....
 Corpse Rot               Necr           N/A          100%        2    ###....
 Ensorcelled Hibernation  Hex/Ice        #.....       100%        2    ###....
 Poisonous Vapours        Pois/Air       #.....       100%        2    ###....
 Slow                     Hex            #.......     100%        2    ###....
 Conjure Flame            Conj/Fire      #.......     100%        3    ####...
 Dazzling Spray           Conj/Hex       #.....       100%        3    ####...
 Inner Flame              Hex/Fire       #.......     100%        3    ####...
 Lesser Beckoning         Tloc           #.........   100%        3    ####...
 Mephitic Cloud           Conj/Pois/Air  #.......     100%        3    ####...
 Regeneration             Chrm/Necr      #.........   100%        3    ####...
 Stone Arrow              Conj/Erth      #.....       100%        3    ####...
 Summon Guardian Golem    Hex/Summ       #.......     100%        3    ####...
 Tukima's Dance           Hex            #.......     100%        3    ####...
 Vampiric Draining        Necr           #.........   100%        3    ####...
 Animate Dead             Necr           N/A          100%        4    #####..
 Ice Form                 Ice/Tmut       #.......     100%        4    #####..
 Leda's Liquefaction      Hex/Erth       #.........   100%        4    #####..
 Sticky Flame             Conj/Fire      #.......     100%        4    #####..
 Summon Lightning Spire   Summ/Air       #.......     100%        4    #####..
 Alistair's Intoxication  Tmut/Pois      #.......     100%        5    ######.
 Fireball                 Conj/Fire      #.........   100%        5    ######.
 Metabolic Englaciation   Hex/Ice        #.........   100%        5    ######.
 Silence                  Hex/Air        #.........   100%        5    ######.
 Summon Forest            Summ/Tloc      #.........   100%        5    ######.
 Bolt of Cold             Conj/Ice       #.........   100%        6    #######
 Conjure Ball Lightning   Conj/Air       #.........   100%        6    #######
 Deflect Missiles         Chrm/Air       #.........   100%        6    #######
 Freezing Cloud           Conj/Ice/Air   #.........   100%        6    #######
 Hydra Form               Tmut           #.........   100%        6    #######
 Invisibility             Hex            #.......     100%        6    #######
 Iron Shot                Conj/Erth      #.........   100%        6    #######
 Ozocubu's Refrigeration  Ice            #.........   100%        6    #######
 Simulacrum               Ice/Necr       #.........   100%        6    #######
 Summon Hydra             Summ           #.........   100%        7    #######
 Ignition                 Fire           #.........   100%        8    #######
 Tornado                  Air            #.........   100%        9    #######


Dungeon Overview and Level Annotations

Branches:
Dungeon (1/1)

Altars:
Ashenzari
Cheibriados
Dithmenos
Elyvilon
Fedhas
Gozag
Hepliaklqana
Kikubaaqudgha
Makhleb
Nemelex Xobeh
Okawaru
Qazlal
Ru
Sif Muna
Trog
Uskayaw
Vehumet
Wu Jian
Xom
Yredelemnul
Zin
The Shining One
Beogh
Jiyva
Lugonu


Innate Abilities, Weirdness & Mutations

You have hooves in place of feet.
Your flesh is heat resistant. (rF+)
When hurt, damage is shared between your health and your magic reserves.
You are immune to clouds of flame.
When seriously injured, your bleeding wounds create thick armour. (AC +9)


Message History

Your cacodemon hits the spriggan air mage!!
The spriggan air mage dies!
Makhleb accepts your kill.
Your Fighting skill increases to level 14!
Your green death hits the dryad!!
The dryad dies!
Makhleb accepts your kill.
The spriggan defender hits you but does no damage.
The spriggan druid is engulfed in poison gas.
The spriggan druid looks even sicker.
The spriggan druid calls out to the beasts of the wild!
The spriggan berserker is engulfed in poison gas.
The spriggan berserker looks as sick as possible!
The spriggan defender is engulfed in poison gas.
The spriggan defender looks even sicker.
The spriggan defender hits you but does no damage.
* * * LOW HITPOINT WARNING * * *
The grasping roots constrict you!
The spriggan berserker hits you with a +2 antimagic rapier!!
You die...

▓..}=)=))...▓▓..|..▓.....▓
▓...b.......▓▓.....▓.....▓
▓......b....▓▓.....▓...).▓
▓...........▓▓.....▓...).▓
▓...........▓▓..©..▓..©..▓
▓....☼..c...▓▓▓▓▓▓▓▓▓▓▓▓▓▓
▓..▓..§ii▓f.▓..8©8...▓..8©
▓.....fiYiii▓..)[....▓..=.
▓.....☼2i@[2▓...[....▓..).
▓▓▓▓▓▓▓▓▓▓▓▓▓........▓....
▓....8©8....▓........▓....
▓...[))=|[..▓.▓....▓.▓....
▓...).))}|..▓...©....▓...©
▓...........▓▓▓▓▓▓▓▓▓▓▓▓▓▓
▓...........▓...8©8...▓..8
▓...........▓....))...▓..|
▓...........▓...).....▓..[


You could see 2 shambling mangroves, an elephant (berserk), 2 spriggan
defenders, a satyr, 2 spriggan berserkers, 2 spriggan air magi, a spriggan
druid, a friendly cacodemon and a friendly green death.

Vanquished Creatures
  An acid blob (D)
  2 azure jellies (D)
  An entropy weaver (D)
  A death ooze (D)
  A great orb of eyes (D)
  2 ice dragons (D)
  A death scarab (D)
  A wolf spider (D)
  An orb spider (D)
  3 draconians (D)
  4 toenail golems (D)
  A black mamba (D)
  A naga mage (D)
  An eye of devastation (D)
  2 spiny frogs (D)
  A rime drake (D)
  3 ice devils (D)
  A wind drake (D)
  2 jumping spiders (D)
  A polar bear (D)
  4 hornets (D)
  3 slime creatures (D)
  An air elemental (D)
  3 spriggans (D)
  2 tarantellas (D)
  2 redbacks (D)
  2 golden eyes (D)
  2 nagas (D)
  2 porcupines (D)
  2 black bears (D)
  4 ice beasts (D)
  3 wolves (D)
  A scorpion (D)
  A wight (D)
  2 jellies (D)
  A mummy (D)
  An adder (D)
  A river rat (D)
  A white imp (D)
  2 adder zombies (D)
  3 oozes (D)
  2 adder skeletons (D)
  A spectral bat (D)
  A bat skeleton (D)
  A ball python (D)
  A ball python zombie (D)
  A bat simulacrum (D)
  A leopard gecko zombie (D)
  A quokka skeleton (D)
  A spectral leopard gecko (D)
84 creatures vanquished.

Vanquished Creatures (collateral kills)
  A spriggan air mage (D)
  3 soul eaters (D)
  A dryad (D)
  2 air elementals (D)
  2 wights (D)
  An adder skeleton (D)
  A bat skeleton (D)
  A bat zombie (D)
  A jackal skeleton (D)
  A spectral giant cockroach (D)
  A spectral quokka (D)
15 creatures vanquished.

Vanquished Creatures (others)
  4 insubstantial wisps (D)
4 creatures vanquished.

Grand Total: 103 creatures vanquished

Notes
Turn   | Place    | Note
-------+----------+-------------------------------------------
     0 | D        | Found the +6 Majin-Bo {vamp, Archmagi MP+6 Int+6}
     0 | D        | Found the +7 great mace "Firestarter" {inner flame, rF++}
     0 | D        | Jannitor the Demonspawn Fighter began the quest for the
                  | Orb.
     0 | D        | Reached XP level 1. HP: 18/18 MP: 1/1
     0 | D        | Found a deep blue altar of Sif Muna.
     0 | D        | Found a sacrificial altar of Ru.
     0 | D        | Found a bloodstained altar of Trog.
     0 | D        | Found a stormy altar of Qazlal.
     0 | D        | Found an iron altar of Okawaru.
     0 | D        | Found a sparkling altar of Nemelex Xobeh.
     0 | D        | Found a blossoming altar of Fedhas.
     2 | D        | Found a transporter.
     2 | D        | Found an ancient bone altar of Kikubaaqudgha.
     2 | D        | Found a viscous altar of Jiyva.
     2 | D        | Found a corrupted altar of Lugonu.
     2 | D        | Found a hazy altar of Hepliaklqana.
     2 | D        | Found a burning altar of Makhleb.
     2 | D        | Found an opulent altar of Gozag.
    59 | D        | Found the +9 heavy crossbow "Sniper" {velocity, Acc+∞ SInv}
    59 | D        | Found the +10 dark maul {crush}
    59 | D        | Found the +15 Maxwell's patent armour {-Cast -Tele rElec
                  | MR+ rCorr}
    59 | D        | Found the +18 shield of the Gong {rElec rN+ MR+ EV-5}
    59 | D        | Found the cursed +14 obsidian axe {chop, +Fly SInv *Curse}
    60 | D        | Found the +6 shillelagh "Devastator" {shatter}
    60 | D        | Found the +11 plutonium sword {*Contam Stlth-}
    60 | D        | Found the +8 lance "Wyrmbane" {slay drac, rPois rF+ rC+
                  | AC+3}
    60 | D        | Found the +9 sword of Zonguldrok {reap}
    60 | D        | Found the cursed +13 scythe of Curses {drain, *Curse}
    60 | D        | Found the +0 sword of Power
    60 | D        | Found the +7 mace of Variability {chain chaos}
    60 | D        | Found the +7 Singing Sword {slice, sonic wave}
    60 | D        | Found the +7 longbow "Piercer" {penet, EV-2}
    82 | D        | Became a worshipper of Makhleb the Destroyer
    95 | D        | Gained mutation: Your flesh is heat resistant. (rF+)
                  | [demonic ancestry]
    95 | D        | Reached XP level 2. HP: 26/26 MP: 2/2
   101 | D        | Entered arena 2.
   101 | D        | Noticed a scorpion
   101 | D        | Noticed a jumping spider
   101 | D        | Found a transporter.
   104 | D        | Killed a scorpion
   104 | D        | Reached skill level 5 in Fighting
   104 | D        | Gained mutation: When seriously injured, your bleeding
                  | wounds create armour. (AC +9) [demonic ancestry]
   104 | D        | Reached XP level 3. HP: 33/33 MP: 3/3
   107 | D        | Killed a jumping spider
   107 | D        | Reached XP level 4. HP: 40/43 MP: 4/4
   107 | D        | Gained mutation: When seriously injured, your bleeding
                  | wounds create thick armour. (AC +9) [demonic ancestry]
   107 | D        | Reached XP level 5. HP: 45/48 MP: 5/5
   126 | D        | Entered arena 3.
   126 | D        | Noticed a draconian
   126 | D        | Noticed a draconian
   126 | D        | Noticed a draconian
   126 | D        | Found a transporter.
   146 | D        | Killed a draconian
   146 | D        | Reached * piety under Makhleb
   146 | D        | Reached skill level 4 in Invocations
   146 | D        | Reached XP level 6. HP: 30/56 MP: 5/9
   146 | D        | Gained mutation: You have large cloven feet. [demonic
                  | ancestry]
   146 | D        | Reached XP level 7. HP: 33/62 MP: 5/10
   152 | D        | Killed a draconian
   152 | D        | Reached skill level 6 in Invocations
   154 | D        | Killed a draconian
   154 | D        | Reached skill level 7 in Invocations
   154 | D        | Reached skill level 5 in Evocations
   154 | D        | Gained mutation: When hurt, damage is shared between your
                  | health and your magic reserves. [demonic ancestry]
   154 | D        | Reached XP level 8. HP: 57/71 MP: 6/13
   218 | D        | Entered arena 4.
   218 | D        | Found a transporter.
   219 | D        | Reached ** piety under Makhleb
   235 | D        | Entered arena 5.
   235 | D        | Noticed a toenail golem
   235 | D        | Noticed a toenail golem
   235 | D        | Noticed a toenail golem
   235 | D        | Noticed a toenail golem
   235 | D        | Found a transporter.
   247 | D        | Killed a toenail golem
   247 | D        | Reached *** piety under Makhleb
   247 | D        | Reached skill level 8 in Invocations
   251 | D        | Killed a toenail golem
   251 | D        | Gained mutation: You have hoof-like feet. [demonic
                  | ancestry]
   251 | D        | Reached XP level 9. HP: 78/78 MP: 10/15
   251 | D        | Killed a toenail golem
   251 | D        | Reached skill level 10 in Fighting
   251 | D        | Reached skill level 9 in Invocations
   255 | D        | Killed a toenail golem
   266 | D        | Entered arena 6.
   266 | D        | Noticed a death scarab
   266 | D        | Found a transporter.
   271 | D        | Reached **** piety under Makhleb
   273 | D        | Killed a death scarab
   273 | D        | Reached skill level 10 in Invocations
   273 | D        | Reached ***** piety under Makhleb
   286 | D        | Got Sif Muna's Tome of Lethal Fire
   389 | D        | Entered arena 7.
   389 | D        | Noticed a black mamba
   389 | D        | Noticed a naga mage
   398 | D        | Killed a black mamba
   398 | D        | Reached skill level 10 in Armour
   398 | D        | Reached skill level 10 in Shields
   399 | D        | Killed a naga mage
   399 | D        | Gained mutation: You have hooves in place of feet. [demonic
                  | ancestry]
   399 | D        | Reached XP level 10. HP: 86/86 MP: 14/17
   401 | D        | Found a transporter.
   410 | D        | Got the ring "Qubruhid" {+Inv Int+5 Dex+3}
   420 | D        | Entered arena 8.
   420 | D        | Noticed a spiny frog
   420 | D        | Noticed a spiny frog
   426 | D        | Killed a spiny frog
   426 | D        | Reached skill level 10 in Axes
   426 | D        | Reached skill level 11 in Invocations
   427 | D        | Killed a spiny frog
   428 | D        | Reached ****** piety under Makhleb
   431 | D        | Found a transporter.
   441 | D        | Entered arena 9.
   441 | D        | Noticed a spriggan rider
   450 | D        | Found a transporter.
   490 | D        | Entered arena 10.
   492 | D        | Found a transporter.
   509 | D        | Got the ring "Juaconk" {AC+4 Int+4}
   513 | D        | Got the ring of Amne Wae {Ice rElec}
   517 | D        | Got the ring "Tuthafo" {rElec Dex+4 Stlth+}
   639 | D        | Got the Compendium of Conjuration
   645 | D        | Entered arena 11.
   646 | D        | Found a transporter.
   653 | D        | Reached skill level 12 in Invocations
   667 | D        | Got the ring "Fukilaoth" {rElec rF+ rC+ Stlth+}
   678 | D        | Entered arena 12.
   678 | D        | Noticed a soul eater
   678 | D        | Noticed a soul eater
   679 | D        | Noticed a soul eater
   680 | D        | Found the +6 arbalest "Damnation" {damnation}
   682 | D        | Found a transporter.
   697 | D        | Killed a soul eater
   707 | D        | Killed a soul eater
   712 | D        | Killed a soul eater
   712 | D        | Reached XP level 11. HP: 55/95 MP: 4/20
   809 | D        | Got the ring "Hexar" {EV+2 Int+3}
   812 | D        | Got the ring of Utexkan {*Corrode +Inv MR+ Int-4 Stlth+}
   873 | D        | Entered arena 13.
   873 | D        | Noticed a wolf spider
   873 | D        | Noticed an orb spider
   874 | D        | Noticed an entropy weaver
   881 | D        | Killed a wolf spider
   881 | D        | Reached skill level 10 in Evocations
   900 | D        | Paralysed by a hornet for 3 turns
   928 | D        | Killed an entropy weaver
   928 | D        | Reached skill level 13 in Invocations
   932 | D        | Killed an orb spider
   935 | D        | Found a transporter.
   986 | D        | Entered arena 14.
   987 | D        | Noticed an acid blob
   987 | D        | Noticed an azure jelly
   995 | D        | Noticed a great orb of eyes
   995 | D        | Noticed an azure jelly
  1007 | D        | Killed an acid blob
  1012 | D        | Killed a great orb of eyes
  1012 | D        | Reached skill level 14 in Invocations
  1012 | D        | Noticed a death ooze
  1018 | D        | Killed an azure jelly
  1019 | D        | Gained mutation: You are immune to clouds of flame.
                  | [demonic ancestry]
  1019 | D        | Reached XP level 12. HP: 105/105 MP: 7/22
  1027 | D        | Killed an azure jelly
  1030 | D        | Killed a death ooze
  1087 | D        | Found a transporter.
  1096 | D        | Got the Tome of Cankerous Curses
  1120 | D        | Entered arena 15.
  1123 | D        | Noticed an ice dragon
  1123 | D        | Noticed an ice dragon
  1127 | D        | Reached skill level 15 in Invocations
  1157 | D        | Killed an ice dragon
  1164 | D        | Killed an ice dragon
  1215 | D        | Found a transporter.
  1232 | D        | Got the ring of Afesm {rCorr rC++ Int-2 Dex+2}
  1262 | D        | Got the +8 hand axe of the Purse {antimagic, rF+++}
  1266 | D        | Entered arena 16.
  1267 | D        | Noticed a shambling mangrove
  1267 | D        | Noticed a satyr
  1267 | D        | Noticed a spriggan defender
  1267 | D        | Noticed a shambling mangrove
  1267 | D        | Noticed a spriggan defender
  1267 | D        | Noticed a spriggan air mage
  1269 | D        | Noticed a spriggan air mage
  1269 | D        | Noticed a spriggan air mage
  1278 | D        | Killed a spriggan air mage
  1278 | D        | Mangled by a spriggan berserker

Skill      XL: |  1  2  3  4  5  6  7  8  9 10 11 12 |
---------------+-------------------------------------+-----
Fighting       | 4 5 7 8 9 10 11 13 14 | 14.0
Axes           | 3 4 6 7 8 9 10 12 | 12.9
Armour         | 4 6 7 8 9 10 11 12 13 | 13.1
Shields        | 4 6 7 8 9 10 11 12 13 | 13.1
Invocations    | 4 7 8 10 12 14 15 | 15.5
Evocations     | 3 5 6 8 9 11 12 | 12.5

Action                   |  1- 3 |  4- 6 |  7- 9 | 10-12 || total
-------------------------+-------+-------+-------+-------++-------
Melee: Shillelagh        |     3 |    12 |    39 |   174 ||   228
       Kick              |       |       |    13 |    55 ||    68
       Broad axe         |       |       |       |    20 ||    20
Invok: Greater Servant o |       |       |       |     6 ||     6
       Lesser Servant of |       |       |       |     1 ||     1
Evoke: Wand              |     2 |     5 |     3 |       ||    10
  Use: Potion            |     1 |       |       |    13 ||    14
 Stab: Invisible         |       |       |       |     2 ||     2
  Eat: Chunk             |       |       |       |     2 ||     2
Armor: Gold dragon scale |       |    16 |    18 |   296 ||   330
Dodge: Dodged            |     1 |       |     2 |    20 ||    23
Block: Large shield      |     3 |    27 |    45 |   396 ||   471
